 Dungeon Crawl Stone Soup version 0.21.1-1-g345015fe64 (webtiles) character file.

130 NullDivider the Sneak (level 5, -6/36 HPs)
             Began as an Octopode Assassin on May 9, 2018.
             Killed from afar by raetorn's ghost (10 damage)
             ... with a magic dart
             ... on level 3 of the Dungeon.
             The game lasted 00:12:51 (2279 turns).

NullDivider the Sneak (Octopode Assassin)           Turns: 2279, Time: 00:12:52

Health: -6/36      AC:  1    Str: 10    XL:     5   Next: 14%
Magic:  5/5        EV: 14    Int: 13    God:
Gold:   256        SH:  0    Dex: 15    Spells: 4/4 levels left

rFire    . . .     SeeInvis .   b - +0 blowgun
rCold    . . .     Gourm    .   (no shield)
rNeg     . . .     Faith    .   (helmet restricted)
rPois    .         Spirit   .   (no amulet)
rElec    .         Reflect  .   k - ring of stealth
rCorr    .         Harm     .   (no ring)
MR       .....                  (no ring)
Stlth    +++++.....             (no ring)
HPRegen  0.12/turn              (no ring)
MPRegen  0.09/turn              (no ring)
                                (no ring)
                                (no ring)

@: no status effects
A: almost no armour, stealthy swim, amphibious, 8 rings, constrict 8, camouflage
1, gelatinous body 1
a: no special abilities


You were on level 3 of the Dungeon.
You were not hungry.

You visited 1 branch of the dungeon, and saw 4 of its levels.

You collected 256 gold pieces.

Inventory:

Hand Weapons
 a - a +2 dagger
 b - a +0 blowgun (weapon)
Missiles
 c - 8 poisoned needles (quivered)
 d - 2 curare-tipped needles
Jewellery
 k - a ring of stealth (left tentacle)
Scrolls
 g - 2 scrolls of remove curse
 j - 4 scrolls of teleportation
 m - a scroll of amnesia {unknown}
 o - 2 scrolls of enchant weapon {unknown}
 p - 2 scrolls of fear {unknown}
 q - a scroll of enchant armour {unknown}
 s - 3 scrolls of identify
Potions
 e - a potion of flight {unknown}
 h - 4 potions of brilliance {unknown}
 i - a potion of berserk rage {unknown}
 l - 2 potions of mutation {unknown}
 r - a potion of curing {unknown}
Comestibles
 f - 5 rations
 n - 13 chunks of flesh


   Skills:
 * Level 3.0 Fighting
 * Level 3.1 Short Blades
 + Level 2.5 Throwing
 * Level 2.5 Dodging
 + Level 5.7 Stealth


You had 4 spell levels left.
You didn't know any spells.

Dungeon Overview and Level Annotations

Branches:
Dungeon (4/15)
 Temple: D:4-7

Altars:

Annotations:
D:3 raetorn's ghost, amateur DEWz


Innate Abilities, Weirdness & Mutations

You cannot wear most types of armour.
You are very stealthy in the water. (Stealth+)
You are amphibious.
You can wear up to eight rings at the same time.
You can use your tentacles to constrict eight enemies at once.
Your skin changes colour to match your surroundings (Stealth+).
Your rubbery body absorbs attacks. (AC +1, EV +1)


Message History

The ogre is heavily wounded.
The ogre barely misses you.
You hit the ogre.
The ogre is heavily wounded.
The ogre hits you with a giant club!!
Ouch! That really hurt!
You see here a scale mail.
There is a stone staircase leading up here.
b - a +0 blowgun (weapon)
Raetorn's ghost turns its malevolent gaze towards you.
Raetorn's ghost casts a spell.
Raetorn's ghost blinks!
Raetorn's ghost gestures at you while chanting.
The magic dart hits you!
* * * LOW HITPOINT WARNING * * *
You see here 5 bolts.
There is a stone staircase leading up here.
Raetorn's ghost points at you and mumbles some strange words.
The magic dart hits you!
You die...

##...###.....##..............#
##..#.#...............#......###
#.......#...............#.#.....
#............W..#..#..###...###.
##.........#....###.....##..###..
#...............# #...#.##..##..#
.....#....#.....###.........##.##
.....................>.....###.#
......<.........@O..........(..#
.........................>.#..##
..............................#
...........................#.##
......................."...#..###
.................#.####..####..).
........###...........).## #####
.....#### #.......[.(...# #
....## #............## #


You could see an ogre and raetorn's ghost.

Vanquished Creatures
  6 adders
  2 worms
  2 dart slugs
  3 leopard geckos
  7 orcs
  A giant cockroach (D:1)
  3 hobgoblins
  3 kobolds
  2 ball pythons (D:3)
  6 bats
  13 frilled lizards
  7 goblins
  10 rats
65 creatures vanquished.

Notes
Turn   | Place    | Note
-------+----------+-------------------------------------------
     0 | D:1      | NullDivider the Octopode Assassin began the quest for the Orb.
     0 | D:1      | Reached XP level 1. HP: 14/14 MP: 1/1
   140 | D:1      | Reached XP level 2. HP: 19/19 MP: 2/2
   911 | D:2      | Reached XP level 3. HP: 25/25 MP: 3/3
  1355 | D:2      | Reached XP level 4. HP: 30/30 MP: 4/4
  1602 | D:3      | Noticed raetorn's ghost (amateur DEWz)
  2111 | D:4      | Reached XP level 5. HP: 36/36 MP: 5/5
  2184 | D:4      | Noticed an ogre
  2233 | D:4      | Noticed a phantom
  2279 | D:3      | Killed from afar by raetorn's ghost

Skill      XL: |  1  2  3  4  5 |
---------------+----------------+-----
Dodging        | 2 |  2.5
Short Blades   | 3 |  3.1
Fighting       | 3 |  3.0
Throwing       | |  2.5
Stealth        | |  5.7

Action                   |  1- 3 |  4- 6 || total
-------------------------+-------+-------++-------
Melee: Dagger            |    56 |    60 ||   116
       Constrict         |    12 |    13 ||    25
       Tentacles         |     8 |     8 ||    16
  Use: Scroll            |       |     4 ||     4
 Stab: Sleeping          |    14 |     8 ||    22
  Eat: Chunk             |     1 |     3 ||     4
Armor: Skin              |     1 |     6 ||     7
Dodge: Dodged            |    23 |    40 ||    63
